 Dungeon Crawl Stone Soup version 0.18.1-8-gdd0e5ea (webtiles) character file.

4374 zeroDi the Covert (level 10, 0/46 HPs)
             Began as a Vine Stalker Assassin on May 31, 2016.
             Was a Believer of Okawaru.
             Slain by a wolf (6 damage)
             ... led by Grum
             ... on level 9 of the Dungeon.
             The game lasted 00:30:11 (7447 turns).

zeroDi the Covert (Vine Stalker Assassin)           Turns: 7447, Time: 00:30:11

Health: 0/46       AC:  6    Str: 12    XL:     10   Next: 34%
Magic:  0/11       EV: 13    Int:  8    God:    Okawaru [**....]
Gold:   417        SH:  0    Dex: 25    Spells: 1 memorised, 7 levels left

rFire  . . .     SeeInvis .     a - +2 dagger
rCold  . . .     Gourm    .     c - +0 robe
rNeg   . . .     Faith    .     (no shield)
rPois  +         Spirit   +     (no helmet)
rElec  .         Dismiss  .     t - +2 cloak {+Inv}
rCorr  .         Reflect  .     X - +0 pair of gloves
SustAt .         Harm     .     (no boots)
MR     +....                    (no amulet)
Stlth  ++++++....               i - +1 ring of evasion
                                D - ring of Zin's Delight {rPois Str-2 Int-3 Dex+6 Slay+5}

@: very slightly contaminated, invisible, somewhat resistant to hostile
enchantments, very stealthy
A: fangs 3, regeneration 2, magic shield, antimagic bite, no device heal 3, rot
immunity
a: Heroism, Renounce Religion, Turn Visible


You were on level 9 of the Dungeon.
You worshipped Okawaru.
Okawaru was pleased with you.
You were hungry.

You visited 2 branches of the dungeon, and saw 10 of its levels.

You collected 417 gold pieces.


Innate Abilities, Weirdness & Mutations

You have razor-sharp teeth.
You heal very quickly.
When hurt, damage is shared between your health and your magic reserves.
Your bite disrupts and absorbs the magic of your enemies.
Potions and wands cannot restore your health.
You are immune to rotting.


   Skills:
 - Level 1.7 Fighting
 * Level 9.8 Short Blades
 + Level 5.4 Throwing
 - Level 0.7 Dodging
 - Level 12.1 Stealth


You had 7 spell levels left.
You knew the following spells:

 Your Spells              Type           Power        Failure   Level  Hunger
a - Blink                 Tloc           N/A          69%         2    ###....

Inventory:

Hand Weapons
 a - a +2 dagger (weapon)
 b - a +1 blowgun
Missiles
 e - 6 poisoned needles
 f - 2 curare-tipped needles {=f}
 y - 7 tomahawks (quivered)
 B - 7 javelins
Armour
 c - a +0 robe (worn)
 t - a +2 cloak of invisibility (worn)
 H - a +0 ring mail of poison resistance
 S - the +2 leather armour of Daitrubo {Dex+2, unknown}
   (You found it on level 7 of the Dungeon)

   It affects your dexterity (+2).
 X - a +0 pair of gloves (worn)
Magical Staves
 h - an uncursed staff of death {unknown}
 Y - an uncursed staff of air {unknown}
Jewellery
 i - a +1 ring of evasion (right hand)
 k - an uncursed ring of protection from fire
 o - an uncursed ring of sustain attributes
 D - the ring of Zin's Delight (left hand) {rPois Str-2 Int-3 Dex+6 Slay+5}
   (You found it on level 4 of the Dungeon)

   [ring of poison resistance]

   It affects your strength (-2).
   It affects your intelligence (-3).
   It affects your dexterity (+6).
   It affects your accuracy and damage with ranged weapons and melee attacks
   (+5).
   It protects you from poison.
 K - an uncursed ring of ice
Wands
 q - a wand of iceblast (6/15)
 z - a wand of disintegration (7/24)
 G - a wand of slowing (14/48)
 J - a wand of slowing (36/48)
 N - a wand of flame (21/48)
 V - a wand of confusion (11/48)
Scrolls
 l - a scroll of enchant weapon
 m - 2 scrolls of enchant armour
 p - 4 scrolls of teleportation {unknown}
 w - 2 scrolls of remove curse
 x - a scroll of blinking
 A - 3 scrolls of amnesia {unknown}
 F - 2 scrolls of fear {unknown}
 M - 2 scrolls of immolation {!r}
Potions
 j - a potion of berserk rage {unknown}
 s - a potion of invisibility {unknown}
 v - 3 potions of heal wounds {unknown}
 C - 2 potions of flight {unknown}
 E - 2 potions of curing {@q1}
 I - a potion of cure mutation {unknown}
 L - a potion of brilliance {unknown}
 O - a potion of lignification {unknown}
 P - a potion of resistance {unknown}
 U - a potion of haste {unknown}
 W - a potion of cancellation {unknown}
Books
 Q - a book of Minor Magic

   Spells                             Type                      Level
   a - Magic Dart                     Conjuration                  1
   b - Blink                          Translocation                2
   c - Call Imp                       Summoning                    2
   d - Repel Missiles                 Charms/Air                   2
   e - Slow                           Hexes                        2
   f - Conjure Flame                  Conjuration/Fire             3
   g - Mephitic Cloud                 Conjuration/Poison/Air       3
Comestibles
 d - 4 chunks of flesh
 g - 7 bread rations
 n - 4 meat rations
 r - a beef jerky
 u - 17 fruits
 R - a slice of pizza

Dungeon Overview and Level Annotations

Branches:
Dungeon (9/15)             Temple (1/1) D:6
   Lair: D:8-11         Orc: D:9-12

Altars:
Ashenzari
Cheibriados
Dithmenos
Elyvilon
Fedhas
Gozag
Kikubaaqudgha
Makhleb
Nemelex Xobeh
Okawaru
Pakellas
Qazlal
Ru
Sif Muna
Trog
Vehumet
Xom
Yredelemnul
Zin
The Shining One

Annotations:
D:6 Menkaure, Prince Ribbit
D:9 Grum

...........................#
...###...#..#.[.#####.####.#
...###...#..#...### #.# #
..................# #.#
...###......#...#.###.###
........................
...###......#.........#
......................#
...#.#..........@.....#
...............<#h###.##.#
..##.#...F.......†gh......
..........................
<...............#.........
................#.###.##.#
^.................. ... .
........#...###.#.#. #..
............ ....... ...


You could see Grum, 2 wolves and a giant frog (wandering).


Message History

Okawaru accepts your kill.
You puncture Grum! Your bite misses Grum.
Grum is lightly wounded.
The wolf bites you! The wolf closely misses you. The wolf bites you!
* * * LOW HITPOINT WARNING * * *
You see here a wolf corpse.
You hit the wolf but do no damage. The wolf bites you!
* * * LOW HITPOINT WARNING * * *
The giant frog croaks.
You hit the wolf. You bite the wolf, but do no damage.
The wolf is moderately wounded.
The wolf bites you.
* * * LOW HITPOINT WARNING * * *
The wolf bites you.
* * * LOW HITPOINT WARNING * * *
The wolf bites you.
* * * LOW HITPOINT WARNING * * *
The wolf misses you. The wolf bites you!
You die...

Action                   |  1- 3 |  4- 6 |  7- 9 | 10-12 || total
-------------------------+-------+-------+-------+-------++-------
Melee: Dagger            |    49 |   122 |   251 |    70 ||   492
       Bite              |    10 |    39 |    89 |    24 ||   162
 Fire: Blowgun           |     1 |    20 |     7 |       ||    28
Throw: Tomahawk          |       |     3 |    14 |     6 ||    23
       Throwing net      |       |       |     1 |       ||     1
 Abil: Evoke Invisibilit |       |     3 |    10 |     4 ||    17
  Use: Scroll            |       |       |     8 |     6 ||    14
 Stab: Sleeping          |     4 |     9 |    33 |     4 ||    50
       Invisible         |       |     4 |    11 |    10 ||    25
       Held in net/web   |       |       |     1 |       ||     1
  Eat: Chunk             |       |     4 |    14 |     3 ||    21
       Meat ration       |       |     1 |       |       ||     1
       Beef jerky        |       |       |     1 |       ||     1
Armor: Robe              |    17 |    39 |    33 |     4 ||    93
Dodge: Dodged            |    22 |    70 |    81 |    34 ||   207

Vault maps used:
D:1:      onia_arrival_mini_maze_b, wad_floor_pattern_2
D:2:      nicolae_overflow_hidden_temple, first_bread, tso_altar, uniq_terence,
          uniq_crazy_yiuf_cottage, uniq_natasha
D:4:      nicolae_ossuary_entry_catacombs, kennysheep_generic_room_4,
          uniq_robin, uniq_pikel
D:5:      uniq_sigmund
D:6:      minmay_temple_entry_purple_smoke, uniq_prince_ribbit1, uniq_edmund,
          uniq_menkaure
D:7:      grunt_temple_overflow_growth_and_decay
D:8:      hangedman_tree_tricks
D:9:      serial_shops, shop, billiards_dpeg, uniq_grum
Temple:   water_room_temple_a_12

Notes
Turn   | Place    | Note
--------------------------------------------------------------
     0 | D:1      | zeroDi the Vine Stalker Assassin began the quest for the Orb.
     0 | D:1      | Reached XP level 1. HP: 11/11 MP: 2/2
    69 | D:1      | Reached skill level 2 in Short Blades
   240 | D:1      | Reached XP level 2. HP: 15/15 MP: 3/3
   668 | D:2      | Reached skill level 3 in Short Blades
   668 | D:2      | Reached XP level 3. HP: 18/18 MP: 4/4
   795 | D:2      | Noticed Terence
   831 | D:2      | Killed Terence
   919 | D:2      | Reached XP level 4. HP: 23/23 MP: 5/5
  1114 | D:2      | Noticed Natasha
  1144 | D:2      | HP: 2/23 [Natasha (1)]
  1146 | D:2      | Killed Natasha
  1146 | D:2      | Reached skill level 4 in Short Blades
  1287 | D:2      | Found a glowing golden altar of the Shining One.
  1402 | D:2      | Found an oddly glowing altar of Pakellas.
  1402 | D:2      | Found a glowing silver altar of Zin.
  1404 | D:2      | Found a bloodstained altar of Trog.
  1530 | D:2      | Noticed Natasha
  1547 | D:2      | Killed Natasha
  1547 | D:2      | Reached XP level 5. HP: 11/26 MP: 2/6
  1654 | D:2      | Noticed Natasha
  1691 | D:2      | Killed Natasha
  1747 | D:2      | Noticed Crazy Yiuf
  1761 | D:2      | Killed Crazy Yiuf
  1761 | D:2      | Reached skill level 5 in Short Blades
  2121 | D:3      | You fall through a shaft for 3 floors!
  2191 | D:6      | Noticed a black bear
  2198 | D:6      | Noticed Menkaure
  2279 | D:6      | Killed a black bear
  2279 | D:6      | Gained mutation: You heal very quickly. [Vine Stalker growth]
  2279 | D:6      | Reached XP level 6. HP: 10/30 MP: 5/7
  2334 | D:6      | Reached skill level 6 in Short Blades
  2361 | D:6      | Noticed an ice beast
  2443 | D:6      | Reached skill level 5 in Stealth
  2488 | D:6      | Noticed Edmund
  2503 | D:6      | Killed Edmund
  2503 | D:6      | Reached skill level 6 in Stealth
  2503 | D:6      | Reached XP level 7. HP: 28/34 MP: 5/8
  2631 | D:6      | Noticed Prince Ribbit
  2696 | D:5      | Entered Level 5 of the Dungeon
  2696 | D:5      | Noticed Sigmund
  2786 | D:6      | Reached skill level 7 in Stealth
  2906 | D:5      | Reached skill level 8 in Stealth
  3225 | D:4      | Reached skill level 9 in Stealth
  3239 | D:4      | Gained mutation: You have razor-sharp teeth. [Vine Stalker growth]
  3239 | D:4      | Reached XP level 8. HP: 38/38 MP: 9/9
  3342 | D:4      | Noticed Pikel
  3361 | D:4      | Killed Pikel
  3361 | D:4      | Reached skill level 11 in Stealth
  3665 | D:4      | Got a vibrating iron ring
  3830 | D:4      | Killed Robin
  4088 | D:4      | Reached skill level 12 in Stealth
  4405 | D:5      | Reached skill level 2 in Throwing
  4572 | D:5      | Identified the ring of Zin's Delight {rPois Str-2 Int-3 Dex+6 Slay+5} (You found it on level 4 of the Dungeon)
  4611 | D:5      | Reached XP level 9. HP: 42/42 MP: 10/10
  4728 | D:5      | Killed Sigmund
  4946 | D:6      | Reached skill level 7 in Short Blades
  4973 | D:6      | Found a staircase to the Ecumenical Temple.
  4985 | D:6      | Reached skill level 3 in Throwing
  4991 | Temple   | Entered the Ecumenical Temple
  5068 | Temple   | Became a worshipper of Warmaster Okawaru
  5461 | D:7      | Found a blossoming altar of Fedhas.
  5463 | D:7      | Found an ancient bone altar of Kikubaaqudgha.
  6101 | D:7      | Reached skill level 8 in Short Blades
  6129 | D:7      | Got a crude leather armour
  6361 | D:8      | Reached skill level 4 in Throwing
  6526 | D:8      | Reached * piety under Okawaru
  6538 | D:8      | Learned a level 2 spell: Blink
  6750 | D:8      | Found a blossoming altar of Fedhas.
  6755 | D:8      | Reached XP level 10. HP: 46/46 MP: 11/11
  6757 | D:8      | Reached skill level 9 in Short Blades
  6822 | D:8      | Reached skill level 5 in Throwing
  6879 | D:8      | Reached ** piety under Okawaru
  7433 | D:9      | Noticed Grum
  7447 | D:9      | Slain by a wolf

Vanquished Creatures
  Pikel (D:4)
  Sigmund (D:5)
  Edmund (D:6)
  2 black bears
  An orc warrior (D:8)
  2 ice beasts
  2 sky beasts
  A phantom (D:6)
  3 ogres
  A wolf (D:9)
  7 centaurs
  A big kobold (D:8)
  3 giant frogs
  2 gnoll sergeants (D:8)
  2 elf skeletons (D:4)
  A water moccasin zombie (D:7)
  4 scorpions
  4 killer bees (D:7)
  A howler monkey (D:4)
  2 crimson imps
  2 centaur zombies
  5 hounds
  2 giant frog zombies
  2 jellies
  Crazy Yiuf (D:2)
  A centaur skeleton (D:8)
  Terence (D:2)
  A human skeleton (D:4)
  2 iguanas
  4 worker ants
  Natasha (thrice) (D:2)
  3 orc wizards
  A hound skeleton (D:7)
  2 worker ant zombies
  A howler monkey zombie (D:7)
  8 gnolls (D:8)
  An adder (D:2)
  2 shadow imps
  2 adder skeletons
  An adder zombie (D:7)
  A worm (D:2)
  2 dart slugs
  6 giant geckos
  19 orcs
  3 giant cockroaches
  5 goblins
  5 hobgoblins
  22 jackals
  4 quokkas
  2 ball pythons
  A ball python zombie (D:5)
  5 bats
  5 giant newts
  10 kobolds
  3 orc zombies (D:4)
  A quokka skeleton (D:7)
  6 rats
187 creatures vanquished.

Vanquished Creatures (others)
  A slave (D:4)
  An orc priest (D:4)
  A worker ant (D:4)
  Robin (D:4)
  5 orcs
  6 goblins (D:4)
  3 hobgoblins (D:4)
18 creatures vanquished.

Grand Total: 205 creatures vanquished
